 Dungeon Crawl Stone Soup version 0.27.1 (webtiles) character file.

Game seed: 11676429382272818713

574736 pkoi the Wrestler (level 25, -13/234 HPs)
             Began as a Troll Monk on Aug 30, 2021.
             Was the Champion of Dithmenos.
             Mangled by a large slime creature (43 damage)
             ... on level 3 of the Pits of Slime on Aug 31, 2021.
             The game lasted 03:09:38 (70821 turns).

pkoi the Wrestler (Troll Monk)                     Turns: 70821, Time: 03:09:39

Health: -13/234    AC: -1    Str: 28      XL:     25   Next: 75%
Magic:  28/28      EV: 17    Int: 11 (16) God:    Dithmenos [******]
Gold:   5927       SH: 26    Dex: 15      Spells: 28/30 levels left

rFire    + + +     SeeInvis .     - Unarmed
rCold    + + .     Faith    .   N - +0 tower shield {rPois}
rNeg     + . .     Spirit   .   C - +1 acid dragon scales "Ecuah" {Will++ rCorr Str-3 Int+8}
rPois    +         Reflect  +   A - +2 hat of Ceog {rF+ Stlth+}
rElec    .         Harm     .   D - +0 cloak "Miudohua" {rC++ Regen+ Str-2 Stlth+}
rCorr    +         Rampage  .   (gloves unavailable)
Will     +++..                  (boots unavailable)
Stlth    +++++++++.             I - amulet "Witasoni" {Reflect rF+ SH+5}
HPRegen  2.49/turn              K - ring "Fuysieh" {Dex+3 Slay+4}
MPRegen  0.21/turn              V - ring "Zaihu" {*Corrode rPois rF++ rN+ Str+3}

@: corroded, wreathed by umbra, studying 3 skills
A: large, unfitting armour, claws 3, regeneration 1, shaggy fur 1, tough skin 1,
dopey 1, frail 1, low mp 1
}: 3/15 runes: serpentine, barnacled, silver
a: Renounce Religion, Shadow Step, Shadow Form


You were on level 3 of the Pits of Slime.
You worshipped Dithmenos.
Dithmenos was exalted by your worship.
You visited 11 branches of the dungeon, and saw 51 of its levels.
You visited the Abyss 1 time.
You also visited: Trove, Ossuary, Gauntlet, Ice Cave, Volcano, Wizlab and Desolation.

You collected 8814 gold pieces.
You spent 2887 gold pieces at shops.

Inventory:

Missiles
 c - 69 poisoned darts
 F - 114 large rocks (quivered)
Armour
 A - the +2 hat of Ceog (worn) {rF+ Stlth+}
   (You acquired it on level 2 of the Orcish Mines)

   rF:        It protects you from fire.
   Stlth:     It makes you more stealthy.
 C - the +1 acid dragon scales "Ecuah" (worn) {Will++ rCorr Str-3 Int+8}
   (You found it in a Gauntlet)

   Str:       It affects your strength (-3).
   Int:       It affects your intelligence (+8).
   rCorr:     It protects you from acid and corrosion.
   Will:      It greatly increases your willpower.
 D - the +0 cloak "Miudohua" (worn) {rC++ Regen+ Str-2 Stlth+}
   (You bought it in a shop on level 4 of the Vaults)

   Str:       It affects your strength (-2).
   rC:        It greatly protects you from cold.
   Regen:     It increases your rate of health regeneration.
   Stlth:     It makes you more stealthy.
 N - a +0 tower shield of poison resistance (worn)
Jewellery
 k - a ring of flight
 r - a ring of positive energy
 E - a ring of protection from cold
 I - the amulet "Witasoni" (around neck) {Reflect rF+ SH+5}
   (You acquired it on level 5 of the Vaults)

   [amulet of reflection]

   It reflects blocked missile attacks.
   rF:        It protects you from fire.
   SH:        It affects your SH (+5).
 K - the ring "Fuysieh" (left claw) {Dex+3 Slay+4}
   (You took it off a deep elf sorcerer on level 3 of the Elven Halls)

   [ring of slaying]

   Dex:       It affects your dexterity (+3).
   Slay:      It affects your accuracy & damage with ranged weapons and melee
   (+4).
 P - a ring of see invisible
 V - the ring "Zaihu" (right claw) {*Corrode rPois rF++ rN+ Str+3}
   (You found it on level 15 of the Dungeon)

   [ring of positive energy]

   Str:       It affects your strength (+3).
   rF:        It greatly protects you from fire.
   rPois:     It protects you from poison.
   rN:        It protects you from negative energy.
   *Corrode:  It may corrode you when you take damage.
Wands
 t - a wand of iceblast (74)
 y - a wand of polymorph (32)
 z - a wand of acid (9)
 G - a wand of paralysis (18)
 O - a wand of charming (22)
 Q - a wand of flame (80)
 R - a wand of digging (7)
 U - a wand of mindburst (58)
Scrolls
 a - a scroll of blinking
 g - 23 scrolls of teleportation
 p - 2 scrolls of amnesia
 q - 4 scrolls of summoning
 u - 18 scrolls of identify
 w - 3 scrolls of silence
 x - a scroll of holy word
 B - 9 scrolls of fear
 M - 5 scrolls of fog
 T - a scroll of magic mapping
Potions
 b - 5 potions of cancellation
 d - 12 potions of heal wounds
 e - 7 potions of resistance
 f - 7 potions of flight
 i - 3 potions of magic
 l - 34 potions of curing
 n - 9 potions of brilliance
 o - 3 potions of might
 s - 12 potions of haste
 H - 3 potions of invisibility
 J - 3 potions of berserk rage
Miscellaneous
 h - a phantom mirror
 m - a phantom mirror


   Skills:
 + Level 17.1 Fighting
 + Level 16.5 Throwing
 - Level 6.6 Armour
 + Level 15.6 Dodging
 + Level 4.8 Stealth
 - Level 15.0 Shields
 + Level 24.5 Unarmed Combat
 - Level 3.0 Spellcasting
 + Level 3.9 Transmutations
 + Level 4.6 Earth Magic
 - Level 12.4 Invocations
 - Level 6.3 Evocations


You had 28 spell levels left.
You knew the following spells:

 Your Spells              Type           Power      Damage    Failure   Level
a - Passwall              Tmut/Erth      9%         N/A       9%          2

Your spell library contained the following spells:

 Spells                   Type           Power      Damage    Failure   Level
 Sandblast                Erth           22%        2d7       4%          1
 Beastly Appendage        Tmut           20%        N/A       6%          1
 Wereblood                Tmut           10%        N/A       10%         2
 Sting                    Tmut/Pois      20%        1d4       14%         1
 Animate Skeleton         Necr           2%         N/A       30%         1
 Apportation              Tloc           2%         N/A       30%         1
 Freeze                   Ice            4%         1d3       30%         1
 Magic Dart               Conj           4%         1d3       30%         1
 Pain                     Necr           4%         1d4       30%         1
 Stone Arrow              Conj/Erth      12%        3d7       34%         3
 Spider Form              Tmut/Pois      2%         N/A       38%         3
 Blink                    Tloc           N/A        N/A       43%         2
 Ensorcelled Hibernation  Hex/Ice        2%         N/A       43%         2
 Poisonous Vapours        Pois/Air       2%         N/A       43%         2
 Searing Ray              Conj           2%         3d3       43%         2
 Slow                     Hex            1%         N/A       43%         2
 Sublimation of Blood     Necr           0%         N/A       43%         2
 Ignite Poison            Fire/Tmut/Pois 4%         N/A       50%         3
 Confusing Touch          Hex            1%         N/A       67%         3
 Conjure Flame            Conj/Fire      1%         6-21      67%         3
 Dazzling Flash           Conj/Hex       2%         N/A       67%         3
 Frozen Ramparts          Ice            2%         1d2       67%         3
 Gell's Gravitas          Tloc           0%         N/A       67%         3
 Lesser Beckoning         Tloc           0%         N/A       67%         3
 Mephitic Cloud           Conj/Pois/Air  1%         N/A       67%         3
 Ozocubu's Armour         Ice            1%         N/A       67%         3
 Portal Projectile        Hex/Tloc       2%         N/A       67%         3
 Swiftness                Air            1%         N/A       67%         3
 Teleport Other           Tloc           1%         N/A       67%         3
 Vampiric Draining        Necr           0%         2d6       67%         3
 Animate Armour           Summ/Erth      12%        N/A       75%         4
 Leda's Liquefaction      Hex/Erth       3%         N/A       75%         4
 Lee's Rapid Deconstruct  Erth           5%         3d7*      77%         5
 Ice Form                 Ice/Tmut       5%         N/A       80%         4
 Blade Hands              Tmut           5%         N/A       87%         5
 Animate Dead             Necr           0%         N/A       97%         4
 Cause Fear               Hex            0%         N/A       97%         4
 Fulminant Prism          Conj/Hex       0%         3d6       97%         4
 Hailstorm                Conj/Ice       1%         3d3       97%         4
 Iskenderun's Mystic Bla  Conj/Tloc      1%         2d3       97%         4
 Olgreb's Toxic Radiance  Pois           1%         N/A       97%         4
 Passage of Golubria      Tloc           N/A        N/A       97%         4
 Summon Ice Beast         Ice/Summ       1%         N/A       97%         4
 Borgnjor's Vile Clutch   Necr/Erth      3%         N/A       97%         5
 Alistair's Intoxication  Tmut/Pois      3%         N/A       98%         5
 Irradiate                Conj/Tmut      2%         3d14      98%         5
 Yara's Violent Unravell  Hex/Tmut       2%         3d3       98%         5
 Bolt of Magma            Conj/Fire/Erth 2%         4d4       99%         5
 Agony                    Necr           1%         N/A       100%        5
 Excruciating Wounds      Necr           0%         N/A       100%        5
 Fireball                 Conj/Fire      0%         3d3       100%        5
 Iskenderun's Battlesphe  Conj           1%         2d6       100%        5
 Silence                  Hex/Air        0%         N/A       100%        5
 Summon Forest            Summ/Tloc      0%         N/A       100%        5
 Summon Mana Viper        Hex/Summ       1%         N/A       100%        5
 Conjure Ball Lightning   Conj/Air       0%         3x3d6     100%        6
 Death Channel            Necr           0%         N/A       100%        6
 Dispersal                Tloc           0%         N/A       100%        6
 Eringya's Noxious Bog    Tmut/Pois      2%         N/A       100%        6
 Invisibility             Hex            0%         N/A       100%        6
 Iron Shot                Conj/Erth      3%         9d2       100%        6
 Shadow Creatures         Summ           N/A        N/A       100%        6
 Starburst                Conj/Fire      0%         6d3       100%        6
 Statue Form              Tmut/Erth      7%         N/A       100%        6
 Dragon Form              Tmut           5%         N/A       100%        7
 Haunt                    Necr/Summ      0%         N/A       100%        7
 Malign Gateway           Summ/Tloc      0%         N/A       100%        7
 Monstrous Menagerie      Summ           0%         N/A       100%        7
 Orb of Destruction       Conj           0%         N/A       100%        7
 Ozocubu's Refrigeration  Ice            0%         4d5       100%        7
 Spellforged Servitor     Conj/Summ      0%         N/A       100%        7
 Summon Hydra             Summ           0%         N/A       100%        7
 Disjunction              Tloc           0%         N/A       100%        8
 Ignition                 Fire           0%         3d3       100%        8
 Infestation              Necr           0%         N/A       100%        8
 Lehudib's Crystal Spear  Conj/Erth      3%         10d2      100%        8
 Necromutation            Tmut/Necr      2%         N/A       100%        8
 Summon Horrible Things   Summ           0%         N/A       100%        8
 Dragon's Call            Summ           0%         N/A       100%        9


Dungeon Overview and Level Annotations

Branches:
Dungeon (15/15)            Temple (1/1) D:6            Lair (6/6) D:10
 Shoals (4/4) Lair:2        Snake (4/4) Lair:3        Slime (5/5) Lair:6
    Orc (2/2) D:9             Elf (3/3) Orc:2        Vaults (5/5) D:14
  Crypt (1/3) Vaults:2     Depths (5/5) D:15            Zot (0/5) Depths:5
Ossuary (visited)           IceCv (visited)         Volcano (visited)
 WizLab (visited)         Desolation (visited)      Gauntlet (visited)

Altars:
Ashenzari
Cheibriados
Dithmenos
Elyvilon
Fedhas
Gozag
Hepliaklqana
Kikubaaqudgha
Makhleb
Nemelex Xobeh
Okawaru
Qazlal
Ru
Sif Muna
Trog
Uskayaw
Vehumet
Wu Jian
Xom
Yredelemnul
Zin
The Shining One
Beogh
Jiyva

Shops:
D:14 [   Orc:2 !?!?   Elf:1 [   Elf:3 *   Shoals:1 [!*   Shoals:4 *   Snake:3 ?
Vaults:4 [   Depths:3 [

Portals:
Hell: Depths:1 Depths:2 Depths:3 Depths:4 Depths:5
Abyss: Shoals:3 Depths:2 Depths:4 Depths:5
Pandemonium: Depths:3
Ziggurat: Depths:2

Annotations:
Shoals:4 3 runed translucent doors, exclusion: obsidian statue, lukano's ghost, adept MiFi
Slime:5 Royal Jelly
Elf:2 3 runed translucent doors
Vaults:1 3 runed translucent doors, Lobster4's ghost, adept DrCj
Vaults:4 2 runed translucent doors, Wueresid's ghost, adept DEWz; dolemite99's ghost, veteran DrFE


Innate Abilities, Weirdness & Mutations

You are too large for most types of armour.
You have claws for hands.
Your natural rate of healing is unusually fast.
You are covered in fur. (AC +1)
You have tough skin. (AC +1)
You are dopey. (Int -2)
You are frail. (-10% HP)
Your magical capacity is low. (-10% MP)


Message History

* * * LOW HITPOINT WARNING * * *
Two slime creatures merge to form an enormous slime creature.
The slime creature barely misses you.
Two slime creatures merge to form a large slime creature.
You block the slime creature's attack.
A very large slime creature splits.
You block the slime creature's attack.
Unknown command.
Two slime creatures merge to form a very large slime creature.
You block the acid blob's attack. You block the azure jelly's attack.
The azure jelly hits you!
* * * LOW HITPOINT WARNING * * *
The azure jelly freezes you! You resist.
* * * LOW HITPOINT WARNING * * *
You block the azure jelly's attack. The azure jelly hits you!
* * * LOW HITPOINT WARNING * * *
Unknown command.
The acid blob spits acid at you.
The splash of acid reflects off an invisible shield around you!
The splash of acid hits the acid blob.
The acid blob completely resists.
There is a stone staircase leading up here.
You block the azure jelly's attack. x3; The azure jelly hits you.
* * * LOW HITPOINT WARNING * * *
You block the slime creature's attack. The large slime creature hits you!!
* * * LOW HITPOINT WARNING * * *
Two slime creatures merge to form a large slime creature.
A large slime creature splits.
You block the slime creature's attack.
You climb upwards.
Found two stone staircases leading up.
There is a stone staircase leading down here.
Unknown command.
Unknown command.
You block the azure jelly's attack. x3; The azure jelly hits you!
* * * LOW HITPOINT WARNING * * *
You block the azure jelly's attack. The azure jelly misses you.
You block the azure jelly's attack. The azure jelly hits you.
* * * LOW HITPOINT WARNING * * *
The quicksilver ooze quivers.
There is a stone staircase leading up here.
The large slime creature hits you!!!
You die...

....#.# ......
##..
##.....###.#..
##.#...#.#.....
#..........<...
.###.............
................#
.......>J........
........J@.......
.#.#....J...J...#
#.#..........##
#^........#....#
##........#.....
#.......## ....
.......... ...
.......... ..#


You could see an azure jelly, 2 large slime creatures and a quicksilver ooze.

Vanquished Creatures
  Khufu (Vaults:2)
  Mara (Snake:3)
  2 ancient liches
  3 juggernauts
  Bai Suzhen (Shoals:3)
  A shard shrike (shapeshifter) (Vaults:5)
  2 caustic shrikes (Depths:4)
  Saint Roka (Snake:3)
  Jory (Depths:5)
  2 golden dragons (Depths:5)
  Nikola (Shoals:2)
  2 bone dragons
  2 hellephants (Depths:3)
  Jorgrun (Snake:1)
  2 tentacled monstrosities (Vaults:5)
  Rupert (Orc:2)
  2 quicksilver dragons (Depths:4)
  4 titans
  4 liches
  9 acid blobs
  3 deep elf master archers
  A deep elf blademaster (Elf:3)
  Kirke (Lair:3)
  2 ancient champions
  2 krakens
  8 tengu reavers
  3 storm dragons
  Agnes (D:15)
  The ghost of Segg the Thaumaturge, an adept GnSk of Makhleb (Orc:1)
  6 sphinxes
  4 shadow dragons
  Donald (Crypt:1)
  A shadow dragon (shapeshifter) (Vaults:5)
  A revenant (Vaults:2)
  5 rockslimes
  4 azure jellies
  A draconian knight (Depths:5)
  14 nagarajas
  11 frost giants
  An imperial myrmidon (Desolation)
  11 deep elf sorcerers
  The ghost of Papr the Corrupter of Planes, a journeyman DsAK of Lugonu (Shoals:3)
  8 fire giants
  4 deep elf elementalists
  9 vault wardens
  Louise (Snake:3)
  Aizul (Snake:1)
  3 ghouls (Vaults:2)
  2 quicksilver oozes
  A draconian annihilator (Depths:5)
  A spriggan defender (Depths:5)
  15 ironbound preservers
  24 stone giants
  18 very ugly things
  2 war gargoyles
  3 vampire knights
  A green draconian (Depths:5)
  A spark wasp (Depths:4)
  An entropy weaver (Vaults:4)
  3 deep elf demonologists
  11 deep elf annihilators
  2 halazid warlocks (Desolation)
  4 dire elephants
  A white draconian (Depths:5)
  A yellow draconian (Depths:5)
  2 red draconians (Depths:5)
  A dire elephant (shapeshifter) (Vaults:5)
  2 purple draconians (Depths:5)
  An entropy weaver (shapeshifter) (D:13)
  A minotaur (Gauntlet)
  5 merfolk javelineers
  12 fire dragons
  15 ettins
  3 deep elf death magi
  8 crystal guardians
  7 merfolk impalers
  8 great orbs of eyes
  10 deep elf high priests
  11 naga warriors
  10 ragged hierophants (Desolation)
  14 yaktaur captains
  6 servants of whispers (Desolation)
  24 vault guards
  11 hydras
  2 caustic shrike simulacra (IceCv)
  13 ice dragons
  7 ironbound thunderhulks
  4 merfolk avatars
  4 salamander tyrants
  5 anacondas
  A satyr (Shoals:3)
  5 spriggan air magi
  12 peacekeepers
  3 catoblepae
  Erolcha (D:13)
  3 rakshasas
  4 alligator snapping turtles
  3 ogre magi
  5 boulder beetles
  3 alligators (Snake:1)
  8 merfolk aquamancers
  9 ironbound frosthearts
  12 two-headed ogres
  6 tengu warriors
  19 dancing weapons
  10 centaur warriors
  6 death yaks (Lair:5)
  2 vampire magi
  10 deep troll shamans
  5 hell hogs
  17 deep troll earth magi
  3 orc high priests (Orc:2)
  5 ironbound beastmasters
  10 naga sharpshooters
  4 shock serpents
  3 hell knights
  A sun demon (Volcano)
  A soul eater (Depths:2)
  10 deep elf knights
  Nergalle (Orc:1)
  11 sea snakes
  19 iron trolls
  A sixfirhy (Gauntlet)
  25 skeletal warriors
  3 flayed ghosts
  4 large abominations
  3 salamander mystics
  23 wizards
  57 deep trolls
  3 death drakes (Depths:4)
  2 swamp dragons
  3 lindwurms
  4 orange crystal statues
  5 glowing orange brains
  9 orc knights
  15 deep elf archers
  25 deep elf pyromancers
  8 naga ritualists
  12 ironbound convokers
  2 necromancers
  15 deep elf zephyrmancers
  33 harpies
  4 oklob plants
  A phantasmal warrior (Vaults:2)
  9 mana vipers
  2 shining eyes (Slime:5)
  8 orc sorcerers
  46 ugly things
  An orb spider (Abyss:3)
  8 fauns
  18 salamanders
  A wolf spider (Lair:6)
  7 manticores
  A stone giant skeleton (Depths:1)
  8 cyclopes
  15 merfolk sirens
  5 guardian serpents
  Joseph (D:7)
  11 centaur zombies
  A molten gargoyle (Desolation)
  9 vault sentinels
  19 naga magi
  A torpor snail (Lair:3)
  6 water nymphs
  34 black mambas
  An eye of devastation (Slime:5)
  16 cane toads
  A smoke demon (Abyss:3)
  A kobold demonologist (D:5)
  20 yaktaurs
  An unseen horror (D:11)
  4 freezing wraiths
  A redback zombie (D:12)
  Psyche (D:8)
  10 komodo dragons
  4 rime drakes
  5 efreet
  A komodo dragon (shapeshifter) (Elf:2)
  4 tengu conjurers
  2 anaconda simulacra (IceCv)
  2 golden dragon simulacra (IceCv)
  12 wind drakes
  A harpy zombie (D:12)
  A red devil (Volcano)
  A queen bee (shapeshifter) (Vaults:5)
  26 merfolk
  3 polar bears
  A queen bee (Lair:1)
  A meliai (D:14)
  61 saltlings (Desolation)
  9 trolls
  2 raiju (Gauntlet)
  23 blink frogs
  5 hornets
  Prince Ribbit (D:6)
  9 snapping turtles
  A tyrant leech (Snake:1)
  3 centaur simulacra (D:14)
  4 dream sheep (Lair:5)
  2 human simulacra
  A flying skull (Vaults:2)
  32 slime creatures
  A dire elephant simulacrum (IceCv)
  A ynoxinul (Abyss:3)
  7 redbacks
  2 spriggans (Depths:5)
  4 air elementals
  8 wyverns
  2 fire elementals
  5 vampires
  A hog (shapeshifter) (D:13)
  18 water elementals
  3 wraiths
  An ettin skeleton (Vaults:4)
  A steam dragon (shapeshifter) (Shoals:3)
  7 basilisks
  5 fire bats (Volcano)
  36 yaks
  15 vampire mosquitoes
  4 golden eyes
  3 steam dragons
  A neqoxec (Abyss:3)
  6 wargs
  Menkaure (D:4)
  A harpy simulacrum (IceCv)
  49 nagas
  7 acid dragons
  4 swamp worms (Snake:1)
  4 two-headed ogre zombies (WizLab)
  4 hydra simulacra (IceCv)
  26 water moccasins
  3 hell hounds (Volcano)
  2 swamp drakes
  4 black bears
  25 orc warriors
  3 ice beasts
  2 sky beasts
  An ice dragon simulacrum (Depths:1)
  An ettin simulacrum (IceCv)
  2 necrophages
  14 ogres
  A deep troll simulacrum (Depths:1)
  A hornet zombie (D:12)
  6 wolves (Lair:3)
  3 alligator simulacra (IceCv)
  2 human skeletons (Vaults:4)
  10 centaurs
  3 kobold brigands
  16 bullfrogs
  3 earth elementals
  A gnoll sergeant (D:13)
  5 scorpions
  A scorpion (shapeshifter) (Vaults:5)
  A water moccasin zombie (D:5)
  5 troll zombies (WizLab)
  A water moccasin skeleton (D:5)
  36 killer bees
  2 lindwurm simulacra (IceCv)
  22 wights
  6 howler monkeys
  6 electric eels (D:5)
  4 lava snakes (Volcano)
  2 jellies (D:5)
  6 hounds
  An iron imp (Depths:1)
  17 orc priests
  Crazy Yiuf (D:4)
  2 gnoll shamans
  2 bullfrog skeletons
  12 centaur skeletons
  21 orc wizards
  Natasha (thrice) (D:4)
  8 iguanas
  2 lightning spires (Gauntlet)
  A tengu simulacrum (Depths:1)
  6 ogre zombies (WizLab)
  A tengu skeleton (Crypt:1)
  A mummy (Ossuary)
  4 howler monkey zombies
  Robin (D:4)
  5 adders
  13 gnolls
  2 shadow imps
  2 white imps
  7 ufetubi
  2 adder skeletons (D:4)
  2 worms (D:2)
  A dart slug (D:2)
  79 orcs
  8 ball pythons
  11 endoplasms
  5 giant cockroaches
  22 goblins
  8 hobgoblins
  4 jackals (D:5)
  25 kobolds
  2 quokkas (D:3)
  2 bats (D:3)
  8 frilled lizards
  7 gnoll skeletons (Ossuary)
  7 kobold skeletons (Ossuary)
  11 orc skeletons (Ossuary)
  7 rats
  11 tentacles
2143 creatures vanquished.

Vanquished Creatures (collateral kills)
  A merfolk impaler (Shoals:3)
  A deep troll (Vaults:1)
  A dream sheep (Lair:5)
  2 orcs (Orc:2)
  2 kobolds (D:7)
7 creatures vanquished.

Vanquished Creatures (others)
  An ice dragon (Depths:4)
  A hell hog (Depths:3)
  A deep elf knight (Elf:2)
  A sea snake (Shoals:2)
  2 water elementals
  4 humans (Snake:1)
  2 orc wizards
  An orc (Orc:2)
  A demonic plant (Gauntlet)
  60 fungi
  A lurking horror (Shoals:3)
  2 pillars of salt (Vaults:3)
  167 plants
  35 tentacles
279 creatures vanquished.

Grand Total: 2429 creatures vanquished

Notes
Turn   | Place    | Note
-------+----------+-------------------------------------------
     0 | D:1      | pkoi the Troll Monk began the quest for the Orb.
     0 | D:1      | Reached XP level 1. HP: 22/22 MP: 0/0
   241 | D:1      | Reached XP level 2. HP: 29/29 MP: 1/1
   295 | D:1      | Found a faded altar of an unknown god.
   842 | D:1      | Reached skill level 4 in Unarmed Combat
  1266 | D:2      | Reached XP level 3. HP: 29/36 MP: 2/2
  1968 | D:3      | Reached XP level 4. HP: 37/44 MP: 3/3
  2105 | D:3      | Reached skill level 5 in Unarmed Combat
  2577 | D:4      | Noticed Robin
  2648 | D:4      | Killed Robin
  2673 | D:4      | Reached XP level 5. HP: 50/50 MP: 4/4
  2726 | D:3      | Reached skill level 6 in Unarmed Combat
  2983 | D:4      | Reached XP level 6. HP: 59/59 MP: 5/5
  2988 | D:4      | Reached skill level 7 in Unarmed Combat
  3101 | D:4      | Noticed Menkaure
  3170 | D:4      | Noticed Natasha
  3175 | D:4      | Killed Natasha
  3214 | D:4      | Found a runed translucent door.
  3215 | D:4      | Noticed Crazy Yiuf
  3329 | D:4      | Noticed Natasha
  3368 | D:4      | Killed Natasha
  3424 | D:5      | Entered Level 5 of the Dungeon
  3428 | D:5      | Noticed a water moccasin
  3435 | D:5      | Killed a water moccasin
  3436 | D:5      | Reached skill level 8 in Unarmed Combat
  3436 | D:5      | Reached XP level 7. HP: 32/66 MP: 6/6
  3533 | D:5      | Found a sand-covered staircase.
  3556 | Ossuary  | Entered an ossuary
  3556 | Ossuary  | Noticed a wraith
  3556 | Ossuary  | Noticed a wraith
  3556 | Ossuary  | Noticed a wraith
  3612 | Ossuary  | Noticed a wraith
  3627 | Ossuary  | Killed a wraith
  3924 | D:5      | Reached skill level 9 in Unarmed Combat
  3924 | D:5      | Reached XP level 8. HP: 75/75 MP: 7/7
  3934 | D:5      | Noticed a kobold demonologist
  4057 | D:5      | Killed a kobold demonologist
  4913 | D:4      | Killed Menkaure
  4944 | D:5      | Reached skill level 10 in Unarmed Combat
  5062 | D:5      | Reached XP level 9. HP: 63/85 MP: 8/8
  5343 | D:5      | Reached skill level 5 in Fighting
  5343 | D:5      | Reached skill level 5 in Dodging
  5406 | D:6      | Reached skill level 11 in Unarmed Combat
  5505 | D:6      | Noticed Prince Ribbit
  5516 | D:6      | Killed Prince Ribbit
  5561 | D:6      | Found a staircase to the Ecumenical Temple.
  5607 | D:6      | Found an iron altar of Okawaru.
  6051 | D:7      | HP: 4/88 [poisoned by a killer bee]
  6179 | D:7      | Noticed Joseph
  6188 | D:7      | Reached XP level 10. HP: 98/98 MP: 9/9
  6193 | D:7      | Killed Joseph
  6373 | D:7      | Reached skill level 12 in Unarmed Combat
  6825 | D:8      | Noticed Psyche
  6843 | D:8      | Killed Psyche
  7342 | D:8      | Identified the +1 leather armour "Launk" {Str+4}
  7581 | D:9      | Found a staircase to the Orcish Mines.
  7641 | D:9      | Noticed a boulder beetle
  7654 | D:9      | Killed a boulder beetle
  7688 | D:9      | Reached skill level 13 in Unarmed Combat
  8109 | D:10     | Entered Level 10 of the Dungeon
  8198 | D:10     | Reached XP level 11. HP: 100/107 MP: 10/10
  8321 | D:10     | Noticed a two-headed ogre
  8330 | D:10     | Killed a two-headed ogre
  8418 | D:10     | Noticed a two-headed ogre
  8424 | D:10     | Killed a two-headed ogre
  8573 | D:10     | Found a staircase to the Lair.
  9085 | D:11     | Found a portal to a secret trove of treasure.
  9315 | D:11     | Reached skill level 14 in Unarmed Combat
  9494 | D:11     | Found a shadowy altar of Dithmenos.
  9528 | D:11     | Became a worshipper of Dithmenos the Shadowed
  9528 | D:11     | Reached * piety under Dithmenos
  9528 | D:11     | Reached ** piety under Dithmenos
  9556 | D:11     | Noticed an orange crystal statue
  9745 | D:12     | Noticed a rakshasa
  9745 | D:12     | Noticed a boulder beetle
  9759 | D:11     | Killed a boulder beetle
 10257 | D:12     | Noticed a two-headed ogre
 10258 | D:12     | Noticed a two-headed ogre
 10260 | D:12     | Killed a two-headed ogre
 10261 | D:12     | Reached XP level 12. HP: 46/119 MP: 11/11
 10321 | D:12     | Killed a two-headed ogre
 10479 | Lair:1   | Entered Level 1 of the Lair of Beasts
 11076 | Lair:1   | Reached skill level 15 in Unarmed Combat
 11178 | Lair:1   | Reached *** piety under Dithmenos
 11580 | Lair:2   | Found a gate leading to a gauntlet.
 11589 | Gauntlet | Entered a Gauntlet
 11589 | Gauntlet | Found a transporter.
 11597 | Gauntlet | Found a transporter.
 11599 | Gauntlet | Found a transporter.
 11613 | Gauntlet | Found a transporter.
 11619 | Gauntlet | Found a runed translucent gate.
 11619 | Gauntlet | Found a runed translucent gate.
 11619 | Gauntlet | Found a runed translucent gate.
 11621 | Gauntlet | Found a transporter.
 11635 | Gauntlet | Found the +5 scythe "Finisher" {speed, eviscerate}
 11642 | Gauntlet | Found a transporter.
 11643 | Gauntlet | Noticed a reaper
 11653 | Gauntlet | Found a transporter.
 11654 | Gauntlet | Noticed a minotaur
 11664 | Gauntlet | Found a transporter.
 11683 | Gauntlet | Found a transporter.
 11695 | Gauntlet | Found a runed translucent door.
 11697 | Gauntlet | Found a transporter.
 11697 | Gauntlet | Found a transporter.
 11700 | Gauntlet | Found a runed translucent door.
 11745 | Gauntlet | Found a transporter.
 11759 | Gauntlet | Found a transporter.
 11802 | Gauntlet | Found a transporter.
 11995 | Gauntlet | Identified the +0 scale mail "Atacuyxed" {Int+4 Stlth+}
 12161 | Gauntlet | Identified the +2 hat "Eloytz" {Rampage Will+}
 12193 | Gauntlet | Killed a minotaur
 12205 | Gauntlet | Identified the +1 acid dragon scales "Ecuah" {Will++ rCorr
                  | Str-3 Int+8}
 12522 | Lair:2   | Reached skill level 1 in Armour
 12528 | Lair:2   | Found a staircase to the Shoals.
 12801 | Lair:2   | Identified a scroll of acquirement
 12802 | Lair:2   | Acquired the +2 ratskin cloak {*Rats rPois rN+ Str-1 Int-1
                  | Dex+1}
 12802 | Lair:2   | Found the +2 ratskin cloak {*Rats rPois rN+ Str-1 Int-1
                  | Dex+1}
 13292 | Lair:3   | Reached XP level 13. HP: 107/131 MP: 12/12
 13303 | Lair:3   | Reached **** piety under Dithmenos
 13513 | Lair:3   | Found a staircase to the Snake Pit.
 13535 | Lair:3   | Reached skill level 16 in Unarmed Combat
 13714 | Lair:3   | Identified the +6 war axe of Havoc {vorpal, *Corrode rC+++
                  | Int+2 SInv}
 14008 | Lair:4   | Found a shimmering altar of Xom.
 14997 | Lair:5   | Found a dark tunnel.
 15005 | Volcano  | Entered a volcano
 15197 | Volcano  | Reached ***** piety under Dithmenos
 15267 | Volcano  | Found a radiant altar of Vehumet.
 15313 | Volcano  | Found a bloodstained altar of Trog.
 15964 | Lair:5   | HP: 6/133 [catoblepas (9)]
 16379 | Lair:5   | Reached XP level 14. HP: 141/141 MP: 13/13
 16530 | Lair:6   | Entered Level 6 of the Lair of Beasts
 16549 | Lair:6   | Reached skill level 10 in Fighting
 16561 | Lair:6   | Reached skill level 10 in Dodging
 16925 | Lair:6   | Found a staircase to the Slime Pits.
 16925 | Lair:6   | Found a viscous altar of Jiyva.
 16953 | Lair:6   | Reached skill level 17 in Unarmed Combat
 16975 | Lair:6   | Reached skill level 1 in Throwing
 17322 | Lair:6   | Reached skill level 5 in Armour
 17702 | Lair:6   | Identified the +11 rapier of Terror {flame, rC+ Will+++
                  | Str-5}
 18067 | Lair:6   | Reached ****** piety under Dithmenos
 19225 | D:12     | Reached XP level 15. HP: 149/152 MP: 14/14
 19282 | D:12     | Found the +9 sword of Zonguldrok {reap}
 19282 | D:12     | Noticed a bone dragon
 19295 | D:12     | Killed a bone dragon
 19315 | D:12     | Reached skill level 18 in Unarmed Combat
 20029 | D:13     | Found an ornate altar of the Wu Jian Council.
 20260 | D:13     | Identified the +2 robe of Chimes {Harm rF+ Will-}
 20385 | D:13     | Reached skill level 5 in Throwing
 20518 | D:13     | Noticed Erolcha
 20528 | D:13     | Killed Erolcha
 21072 | D:14     | Found Hyaps's Antique Armour Shoppe.
 21083 | D:14     | Bought a glowing tower shield for 210 gold pieces
 21125 | D:14     | Found a gate to the Vaults.
 21232 | D:13     | Reached skill level 1 in Shields
 22175 | D:4      | Noticed Natasha
 22179 | D:4      | Killed Natasha
 22202 | D:4      | Killed Crazy Yiuf
 22280 | Temple   | Entered the Ecumenical Temple
 22466 | D:6      | Found a glowing silver altar of Zin.
 23175 | Shoals:1 | Entered Level 1 of the Shoals
 23194 | Shoals:1 | Found Cekutaah's Antique Armour Emporium.
 23205 | Shoals:1 | Found Zyiminn's Distillery.
 23217 | Shoals:1 | Found Cues's Assorted Antiques.
 23476 | Shoals:1 | Reached XP level 16. HP: 123/162 MP: 15/15
 24225 | Shoals:2 | Reached skill level 19 in Unarmed Combat
 24639 | Shoals:2 | Noticed a kraken
 25274 | Shoals:2 | Noticed Nikola
 25445 | Shoals:2 | Killed Nikola
 25670 | Shoals:2 | Reached skill level 1 in Evocations
 26077 | Shoals:2 | Killed a kraken
 26331 | Shoals:3 | Noticed Bai Suzhen
 26351 | Shoals:3 | Killed Bai Suzhen
 26654 | Shoals:3 | Found a transporter.
 26691 | Shoals:3 | Found a transporter.
 26692 | Shoals:3 | Noticed Papr's ghost (journeyman DsAK)
 26768 | Shoals:3 | Found a one-way gate to the infinite horrors of the Abyss.
 27306 | Orc:1    | Entered Level 1 of the Orcish Mines
 27363 | Orc:1    | Noticed Nergalle
 27372 | Orc:1    | Killed Nergalle
 27377 | Orc:1    | Gained mutation: You are dopey. (Int -2) [a neqoxec]
 27512 | Orc:1    | Found a transporter.
 27543 | Orc:1    | Noticed Segg's ghost (adept GnSk)
 27555 | Orc:1    | Found a transporter.
 27855 | Orc:2    | Entered Level 2 of the Orcish Mines
 28253 | Orc:2    | Found a staircase to the Elven Halls.
 28728 | Snake:1  | Entered Level 1 of the Snake Pit
 28738 | Snake:1  | Noticed Kirke
 28750 | Lair:3   | Killed Kirke
 29048 | Snake:1  | Found a frozen archway.
 29052 | IceCv    | Entered an ice cave
 29067 | IceCv    | Reached skill level 5 in Shields
 29340 | IceCv    | Found the +5 robe of Night {Dark Will+ SInv}
 29358 | IceCv    | Reached XP level 17. HP: 142/170 MP: 16/16
 29479 | IceCv    | Identified the ring of Vimuytough {Fire rElec rN+}
 29782 | Snake:1  | Noticed Aizul
 29792 | Snake:1  | Killed Aizul
 29824 | Snake:1  | Reached skill level 20 in Unarmed Combat
 30040 | Snake:1  | Noticed Jorgrun
 30047 | Snake:1  | Killed Jorgrun
 31548 | Snake:2  | Reached skill level 5 in Evocations
 32331 | Snake:3  | Noticed Louise
 32347 | Snake:3  | Killed Louise
 32416 | Snake:3  | Noticed Mara
 32419 | Snake:3  | Noticed pkoi's illusion
 32760 | D:15     | Entered Level 15 of the Dungeon
 32962 | D:15     | Found a staircase to the Depths.
 33411 | D:15     | Identified the ring "Zaihu" {*Corrode rPois rF++ rN+ Str+3}
 33480 | D:15     | Noticed Agnes
 33487 | D:15     | Killed Agnes
 34533 | Shoals:3 | Reached XP level 18. HP: 179/179 MP: 17/17
 34554 | Shoals:3 | Learned a level 2 spell: Passwall
 34825 | Shoals:4 | Entered Level 4 of the Shoals
 35134 | Shoals:4 | Identified the +6 glaive "Maimihaps" {venom, SInv}
 35316 | Shoals:4 | Reached skill level 1 in Invocations
 35935 | Snake:3  | Noticed pkoi's illusion
 35998 | Snake:3  | Killed Mara
 36187 | Snake:3  | Noticed Saint Roka
 36210 | Snake:3  | Killed Saint Roka
 36586 | Snake:3  | Found Qaehitut's Magic Scroll Shop.
 36594 | Snake:3  | Bought a scroll of teleportation for 42 gold pieces
 36594 | Snake:3  | Bought a scroll of blinking for 105 gold pieces
 36594 | Snake:3  | Bought a scroll of teleportation for 42 gold pieces
 36594 | Snake:3  | Bought a scroll of teleportation for 42 gold pieces
 36594 | Snake:3  | Bought a scroll of teleportation for 42 gold pieces
 36748 | D:11     | You paid a toll of a +4 demon whip to enter a treasure
                  | trove
 36749 | Trove    | Entered a treasure trove
 36769 | Trove    | Got Sif Muna's Volume of Ashen Transmutation
 36775 | Trove    | Got Qofetuxt's Guide on Darkness
 36794 | Trove    | Got Sif Muna's Guide on Cankerous Dislocation
 37054 | Snake:4  | Entered Level 4 of the Snake Pit
 38409 | Snake:4  | Found a shimmering blue altar of Sif Muna.
 38450 | Snake:4  | Reached skill level 21 in Unarmed Combat
 38857 | Snake:4  | Acquired 966 gold pieces
 39001 | Shoals:1 | Bought a potion of haste for 150 gold pieces
 39001 | Shoals:1 | Bought a potion of curing for 45 gold pieces
 39001 | Shoals:1 | Bought a potion of curing for 45 gold pieces
 39001 | Shoals:1 | Bought a potion of curing for 45 gold pieces
 39001 | Shoals:1 | Bought a potion of heal wounds for 75 gold pieces
 39010 | Shoals:1 | Bought a potion of might for 144 gold pieces
 39010 | Shoals:1 | Bought a potion of curing for 108 gold pieces
 39124 | Shoals:3 | HP: 9/182 [merfolk aquamancer/shard of ice (52)]
 39461 | Orc:2    | Noticed Rupert
 39508 | Orc:2    | Killed Rupert
 40011 | Orc:2    | Reached XP level 19. HP: 141/189 MP: 21/21
 40068 | Orc:2    | Found Qoilor's Distillery.
 40068 | Orc:2    | Found Lopeall's Magic Scroll Shoppe.
 40070 | Orc:2    | Found Ezutet's Magic Scroll Shop.
 40070 | Orc:2    | Found Haplufiz's Distillery.
 40076 | Orc:2    | Bought a potion of haste for 120 gold pieces
 40076 | Orc:2    | Bought a potion of heal wounds for 60 gold pieces
 40076 | Orc:2    | Bought a potion of curing for 36 gold pieces
 40076 | Orc:2    | Bought a potion of curing for 36 gold pieces
 40079 | Orc:2    | Bought a scroll of acquirement for 624 gold pieces
 40079 | Orc:2    | Bought a scroll of teleportation for 36 gold pieces
 40079 | Orc:2    | Bought a scroll of teleportation for 36 gold pieces
 40080 | Orc:2    | Bought a potion of heal wounds for 60 gold pieces
 40080 | Orc:2    | Bought a potion of heal wounds for 60 gold pieces
 40080 | Orc:2    | Bought a potion of heal wounds for 60 gold pieces
 40080 | Orc:2    | Bought 2 potions of haste for 240 gold pieces
 40080 | Orc:2    | Bought a potion of haste for 120 gold pieces
 40082 | Orc:2    | Acquired the +2 hat of Ceog {rF+ Stlth+}
 40119 | Elf:1    | Entered Level 1 of the Elven Halls
 40160 | Elf:1    | Paralysed by an air elemental for 1 turns
 40868 | Elf:1    | Paralysed by an air elemental for 1 turns
 40875 | Elf:1    | Paralysed by an air elemental for 1 turns
 41270 | Elf:1    | Found Siruj's Armour Boutique.
 41654 | Elf:2    | Reached skill level 5 in Invocations
 41708 | Elf:2    | Reached skill level 10 in Throwing
 42092 | Elf:2    | Found a runed translucent gate.
 42093 | Elf:2    | Found a runed translucent gate.
 42093 | Elf:2    | Found a runed translucent gate.
 42279 | Elf:3    | Entered Level 3 of the Elven Halls
 42517 | Elf:3    | Found Ciar's General Store.
 43665 | Elf:3    | Paralysed by an air elemental for 1 turns
 43669 | Elf:3    | Paralysed by an air elemental for 1 turns
 43674 | Elf:2    | Paralysed by an air elemental for 1 turns
 43900 | Elf:3    | Identified the +5 lajatang "Ymowakh" {pain, rF+}
 43900 | Elf:3    | Identified the ring "Fuysieh" {Dex+3 Slay+4}
 43995 | Elf:3    | Identified the +8 shortbow of Zis Kyp {freeze, Contam rPois
                  | rF+ Will++}
 44274 | Elf:3    | Reached skill level 10 in Shields
 44358 | Elf:3    | Identified the ring of Kack {Will+ Int+6 Dex+4}
 44468 | Elf:3    | Identified the +12 chain mail of the Nightingale {Will+
                  | Int+3 Dex-4}
 44775 | Elf:2    | Reached XP level 20. HP: 155/204 MP: 23/23
 45052 | Elf:3    | Got the Reference Book on Transformation
 45055 | Elf:3    | Got Gobeyruu's Compendium of Freezing Orientation
 45062 | Elf:3    | Identified the +2 hunting sling "Hulk" {flame, Will++
                  | Dex+3}
 45175 | Elf:3    | Reached skill level 22 in Unarmed Combat
 45436 | Elf:3    | Identified the +3 leather armour of Sickaipe {Harm rElec
                  | Int+2 Dex-3}
 47117 | Shoals:4 | Got a barnacled rune of Zot
 47134 | Shoals:4 | Found a runed translucent gate.
 47134 | Shoals:4 | Found a runed translucent gate.
 47134 | Shoals:4 | Found a runed translucent gate.
 47159 | Shoals:4 | Found the +11 plutonium sword {Contam Stlth-}
 47378 | Shoals:4 | Found an opulent altar of Gozag.
 47379 | Shoals:4 | Found Hadwul's Assorted Antiques.
 47379 | Shoals:4 | Noticed lukano's ghost (adept MiFi)
 48550 | Snake:4  | Got a serpentine rune of Zot
 48919 | Depths:1 | Entered Level 1 of the Depths
 49111 | Depths:1 | Reached skill level 1 in Earth Magic
 49250 | Depths:1 | Reached skill level 1 in Transmutations
 49701 | Depths:1 | Reached skill level 1 in Spellcasting
 50023 | Depths:1 | Found a snail-covered altar of Cheibriados.
 50198 | Depths:1 | Found a gateway to Hell.
 50666 | Depths:2 | Found a gateway to a ziggurat.
 50985 | Depths:2 | Found a shadowy altar of Dithmenos.
 51149 | Depths:2 | Noticed a juggernaut
 51168 | Depths:2 | Killed a juggernaut
 51214 | Depths:2 | Reached XP level 21. HP: 198/215 MP: 26/26
 51753 | Vaults:1 | Entered Level 1 of the Vaults
 52218 | Vaults:1 | Found the +7 great mace "Undeadhunter" {disrupt, rN+}
 52806 | Vaults:1 | Found a runed translucent gate.
 52806 | Vaults:1 | Found a runed translucent gate.
 52807 | Vaults:1 | Found a runed translucent gate.
 52807 | Vaults:1 | Noticed Lobster4's ghost (adept DrCj)
 52809 | Vaults:1 | Found an iron altar of Okawaru.
 52871 | Vaults:1 | Reached skill level 23 in Unarmed Combat
 53057 | Vaults:1 | Reached skill level 15 in Fighting
 53124 | Vaults:1 | Identified the +0 hat of Gallantry {Stlth+}
 53136 | Vaults:1 | Found a radiant altar of Vehumet.
 53151 | Vaults:1 | Identified the +0 robe of the Tundras {Rampage Int+4}
 53241 | Vaults:1 | Identified the +0 hat of Submission {Str+3}
 53511 | Vaults:2 | Identified the +5 falchion of Ziurunostre {freeze, rElec
                  | Int-4 Dex-4 SInv}
 53919 | Vaults:2 | Found a staircase to the Crypt.
 54263 | Vaults:2 | Cast into level 3 of the Abyss (a wizard)
 54407 | Vaults:2 | Escaped the Abyss
 55136 | Vaults:3 | Found a crumbling gateway.
 55151 | Desolati | Entered the Desolation of Salt
 55232 | Desolati | Reached XP level 22. HP: 227/227 MP: 28/28
 55377 | Desolati | Got the Compendium of the Floating Oath
 55392 | Desolati | Got the Volume of the Manifold Knives
 55400 | Desolati | Got the Collected Works on the Noxious Volcanoes
 55401 | Desolati | Identified the +11 morningstar "Spiderslayer" {vorpal, rF+
                  | Int+2}
 55632 | Desolati | Identified the amulet "Zaolyre" {Reflect *Slow rPois Str+2
                  | Int+4 SH+5}
 55949 | Desolati | Got the Papyrus of Dislocated Earth
 56726 | Orc:1    | Killed Segg's ghost
 56761 | Orc:1    | Identified the ring of Temperance {MP+9 Int+3}
 56997 | Vaults:3 | Reached skill level 10 in Invocations
 58309 | Vaults:4 | Found a large runed translucent door.
 58309 | Vaults:4 | Found a large runed translucent door.
 58309 | Vaults:4 | Noticed Wueresid's ghost (adept DEWz)
 58309 | Vaults:4 | Noticed dolemite99's ghost (veteran DrFE)
 59393 | Vaults:4 | Reached skill level 15 in Throwing
 59416 | Vaults:4 | Reached XP level 23. HP: 186/237 MP: 24/30
 59801 | Vaults:4 | Found Tohufi Legh's Antique Armour Shop.
 59809 | Vaults:4 | Bought a heavily runed cloak for 304 gold pieces
 59809 | Vaults:4 | Identified the +0 cloak "Miudohua" {rC++ Regen+ Str-2
                  | Stlth+} (You bought it in a shop on level 4 of the Vaults)
 59894 | Vaults:5 | Entered Level 5 of the Vaults
 60317 | Depths:3 | Found a one-way gate leading to the halls of Pandemonium.
 60875 | Depths:3 | Found a magical portal.
 60887 | WizLab   | Entered Zonguldrok's Shrine
 61186 | WizLab   | Noticed an antique lich
 61192 | WizLab   | Killed an antique lich
 61209 | WizLab   | Identified the +2 double sword "Agem" {pain, rElec rN++
                  | Int+4 Stlth-}
 61431 | Depths:3 | Noticed a juggernaut
 61440 | Depths:3 | Killed a juggernaut
 61627 | Depths:3 | Found Hischev's Armour Emporium.
 62775 | Depths:4 | Identified the +8 mace of Trial by Ordeal {speed, rElec
                  | rC+}
 62913 | Depths:4 | Found a blossoming altar of Fedhas.
 63026 | Depths:4 | Noticed a caustic shrike
 63032 | Depths:4 | Killed a caustic shrike
 63179 | Depths:4 | Noticed a caustic shrike
 63193 | Depths:4 | Killed a caustic shrike
 63303 | Depths:4 | Reached XP level 24. HP: 224/249 MP: 26/30
 63471 | Depths:4 | Noticed a juggernaut
 63492 | Depths:4 | Killed a juggernaut
 63493 | Depths:4 | Reached skill level 24 in Unarmed Combat
 63793 | Depths:4 | Reached skill level 15 in Dodging
 64139 | Depths:5 | Entered Level 5 of the Depths
 64464 | Depths:4 | Identified the +7 quarterstaff "Jellyslayer" {flame, rN+
                  | Will+}
 64595 | Depths:5 | Found a broken altar of Ashenzari.
 64951 | Depths:5 | Noticed Jory
 64981 | Depths:5 | Killed Jory
 65083 | Depths:5 | Found a gate to the Realm of Zot.
 66520 | Crypt:1  | Entered Level 1 of the Crypt
 66754 | Crypt:1  | Noticed Donald
 66794 | Crypt:1  | HP: 10/250 [something (4)]
 67392 | Crypt:1  | Killed Donald
 67455 | Crypt:1  | Noticed Khufu
 67463 | Crypt:1  | Noticed a royal mummy
 67466 | Crypt:1  | Noticed a royal mummy
 67718 | Vaults:2 | Killed Khufu
 68130 | Vaults:5 | Noticed an ancient lich
 68146 | Vaults:5 | Killed an ancient lich
 68147 | Vaults:5 | Reached skill level 15 in Shields
 68147 | Vaults:5 | Reached XP level 25. HP: 243/258 MP: 28/31
 68193 | Vaults:5 | Acquired 988 gold pieces
 68195 | Vaults:5 | Acquired the amulet "Witasoni" {Reflect rF+ SH+5}
 68286 | Vaults:5 | Got a silver rune of Zot
 68366 | Vaults:5 | Noticed a shard shrike
 68371 | Vaults:5 | Killed a shard shrike
 68519 | Vaults:5 | Identified the ring of False Pretenses {+Blink Str+7 Int+6
                  | Dex+4 Stlth-}
 69221 | Shoals:3 | Killed Papr's ghost
 69271 | Shoals:3 | Identified the +2 pair of gloves "Letwappybb" {Str+3}
 69463 | Slime:1  | Entered Level 1 of the Pits of Slime
 69486 | Slime:1  | You fall into a shaft and drop 1 floor!
 70232 | Slime:2  | You fall into a shaft and drop 2 floors!
 70441 | Slime:5  | Entered Level 5 of the Pits of Slime
 70475 | Slime:5  | Gained mutation: You are frail. (-10% HP) [a shining eye]
 70478 | Slime:5  | Gained mutation: Your magical capacity is low. (-10% MP) [a
                  | shining eye]
 70518 | Slime:5  | Found a viscous altar of Jiyva.
 70725 | Slime:5  | Noticed the Royal Jelly
 70821 | Slime:3  | Mangled by a large slime creature

Illustrated notes

Levels and vault maps discovered:
D:1:      psy_arrival_basics, layout_basic, shapermc_ecumenical_altar_pompeii,
          nrook_mini_backslash
D:2:      layout_basic, lexackson_kobold_supper
D:3:      layout_basic, minmay_lizard_king
D:4:      layout_cave_pools, minmay_cupped, uniq_crazy_yiuf_cottage,
          uniq_menkaure, uniq_natasha, uniq_robin
D:5:      cheibrodos_two_vegetables, layout_basic, enter_ossuary_1
D:6:      layout_rooms, nicolae_overflow_hidden_temple,
          minmay_temple_entry_crystal_x, uniq_prince_ribbit1
D:7:      layout_rooms, chequers_jeans, minivault_1, lightli_orcish_oven,
          uniq_joseph
D:8:      layout_loops_ring, uniq_psyche
D:9:      layout_cave_pools, orc_0_dummy
D:10:     layout_big_octagon, grunt_lair_entry_orc_guard_hut
D:11:     minmay_statue_hallways, layout_irregular_city, enter_trove_0,
          kennysheep_small_circle
D:12:     layout_cave_pools, minmay_guarded_unrand_zonguldrok
D:13:     hourglass_vault, layout_basic, pdpol_wu_jian_five_deadly_venoms,
          uniq_erolcha
D:14:     layout_layer_cave, lightli_vaults_fourway_checkpoint, serial_shops,
          nicolae_square_shop, chequers_serial_rivers_micro_b,
          minmay_fountain_box, minmay_misc_feat_encased
D:15:     grunt_enter_depths_snipers, layout_stronghold,
          small_statue_intersection, uniq_agnes
Temple:   regret_index_temple_chain_breaker
Lair:1:   layout_roguey [special_room_bee]
Lair:2:   layout_cave_pods, elwin_shoals_entry_stream, gauntlet_entry_generic,
          st_stairs_10
Lair:3:   layout_gridlike, dummy_snake_entry, beast_lair_carwin_8
Lair:4:   layout_loops_ring, basic_altar, st_stairs_3
Lair:5:   nzn_motion_control, layout_regular_city,
          lightli_volcano_entry_magma_tube, lemuel_fruit_fields
Lair:6:   guppyfry_lair_end_dragon, layout_misc_corridors,
          hangedman_lair_tendril_chambers, slime_altar_1,
          minmay_lair_oklob_chamber, infiniplex_staircase_pool_2
Shoals:1: layout_shoals, serial_shops, shop, shop, shop
Shoals:2: layout_shoals, nicolae_shoals_siren_and_animal_friends, uniq_nikola
Shoals:3: layout_shoals, gammafunk_ghost_abyssal_escape, uniq_bai_suzhen
Shoals:4: shoals_end_simple, layout_shoals, ebering_ghost_gozag
Snake:1:  onia_ninara_swampy_vault, layout_misc_corridors,
          portal_ice_cave_entry_pillars_four, serial_bayou_shore_b,
          lemuel_fruit_tree, uniq_kirke, uniq_aizul, uniq_jorgrun
Snake:2:  layout_rooms
Snake:3:  layout_layer_cave, serial_shops, shop, uniq_louise, uniq_mara,
          uniq_saint_roka
Snake:4:  grunt_snake_rune_spirals, layout_onion, basic_altar, special_room,
          corexii_hall_statues_l
Slime:1:  layout_caves, cheibrodos_slime_lost_civilization_5
Slime:2:  layout_caves
Slime:3:  layout_caves
Slime:4:  layout_caves, basic_altar
Slime:5
Orc:1:    layout_caves, gammafunk_ghost_arena, uniq_nergalle
Orc:2:    grunt_orc_tribal_feast, layout_diamond_mine, basic_altar, uniq_rupert
Elf:1:    eino_elf_arrival_shootout, layout_loops_corners, serial_shops,
          nicolae_lakefront_shop, evilmike_minifort, minivault_16
Elf:2:    nicolae_elf_blades_crystal_corner, layout_gridlike
Elf:3:    minmay_elf_hall_four_x, layout_loops_corners, serial_shops, shop
Vaults:1: gammafunk_vaults_ghost_fury_of_okawaru, grunt_tower_of_power,
          v_misc_11, v_misc_11, nicolae_vaults_specimen_jars,
          nicolae_vaults_network_quinsquares
          [nicolae_vaults_network_quincunx_subvault,
          nicolae_vaults_network_quincunx_subvault,
          nicolae_vaults_network_quincunx_subvault,
          nicolae_vaults_network_quincunx_subvault],
          nicolae_vaults_sealed_display, vaults_dpeg_hooks,
          ontoclasm_vaults_spin, hangedman_vaults_nails, vaults_room_large_hall,
          layout_vaults_omnibox
Vaults:2: nicolae_vaults_halls_meeting, v_alt_pattern_1, grunt_vaults_diagonal,
          vaults_dpeg_encased_lava, v_misc_29, vaults_dpeg_cross,
          minmay_crypt_entry_simple_round, v_misc_23, vaults_room_door_ring,
          layout_vaults_omnigrid
Vaults:3: v_misc_17, hangedman_vaults_maws, vaults_room_fours,
          ontoclasm_vaults_idyll, nicolae_vaults_hallways_thing, serial_ice_m,
          vaults_room_door_hall, vaults_dpeg_diagonal, layout_vaults_omnicross,
          portal_desolation_entry_garden
Vaults:4: advil_vaults_ghost_guards, hangedman_vaults_slice, v_misc_25,
          v_misc_10, ontoclasm_vaults_eye, v_rooms_3, grunt_vaults_funnel,
          hangedman_vaults_maws, vaults_room_pool, nicolae_vaults_theta,
          layout_vaults_maze_snakey, serial_shops, shop_statue
Vaults:5: serial_shops, uniq_boris
Crypt:1:  layout_misc_corridors, uniq_margery, uniq_khufu, uniq_donald
Depths:1: layout_forbidden_donut, minmay_misc_feat_nine_boxes,
          grunt_hell_entry_dis_old, minmay_misc_feat_alley, drop_trap,
          slow_altar_2
Depths:2: minmay_diamond_stairs, layout_gridlike, ziggurat_fallback,
          hellmouth_3, nicolae_abyss_entry_one_way_or_another,
          lemuel_round_altar, infiniplex_staircase_river
Depths:3: minmay_bubble_buster, layout_gridlike,
          infiniplex_enter_wizlab_glasses, grunt_hell_horde, serial_shops,
          nicolae_shop_statue_plus, pan_entry
Depths:4: lemuel_castle_with_subvaults [lemuel_castle_interior_original],
          layout_gridlike, fedhas_altar_2, abyss_entry, pf_coc_iceberg,
          roderic_lattice_octagonal_star, firewood_loft
Depths:5: grunt_x_marks_the_spot, layout_twisted_cross,
          nicolae_ashenzari_panopticon, abyss_entry, hell_entry,
          serial_bayou_shore_a, serial_bayou_shore_b, uniq_jory

Skill      XL: |  1  2  3  4  5  6  7  8  9 10 11 12 13 14 15 16 17 18 19 20 21 22 23 24 25 |
---------------+----------------------------------------------------------------------------+-----
Unarmed Combat | 4 5 6 8 9 10 11 13 14 15 16 17 18 19 20 21 22 23 24 | 24.5
Fighting       | 3 4 5 6 8 9 10 11 12 13 14 15 16 17 | 17.1
Dodging        | 3 4 5 6 8 9 10 11 12 13 14 15 | 15.6
Armour         | 2 4 5 6 |  6.6
Stealth        | 3 4 |  4.8
Throwing       | 3 6 7 8 9 10 12 13 15 16 | 16.5
Shields        | 2 5 7 9 10 11 12 13 15 | 15.0
Evocations     | 3 6 |  6.3
Invocations    | 4 6 8 9 10 11 12 | 12.4
Earth Magic    | 2 4 |  4.6
Transmutations | 1 3 |  3.9
Spellcasting   | 1 3 |  3.0

Action                   |  1- 3 |  4- 6 |  7- 9 | 10-12 | 13-15 | 16-18 | 19-21 | 22-24 | 25-27 || total
-------------------------+-------+-------+-------+-------+-------+-------+-------+-------+-------++-------
Melee: Unarmed           |    97 |   146 |   251 |   608 |   917 |  1509 |  1295 |  1476 |   284 ||  6583
       Punch             |     2 |     2 |     7 |    52 |    88 |    41 |   174 |   228 |       ||   594
Throw: Dart              |       |       |    20 |    40 |     6 |    35 |    12 |       |       ||   113
       Large rock        |       |       |       |       |    55 |   121 |   102 |   100 |    90 ||   468
Evoke: Wand              |       |       |       |       |    10 |     4 |       |     1 |       ||    15
  Use: Scroll            |       |     4 |     5 |    14 |     6 |     9 |     3 |     8 |     3 ||    52
       Potion            |       |       |       |     8 |       |     3 |       |     2 |     1 ||    14
 Stab: Sleeping          |     5 |     1 |     2 |     4 |    13 |    27 |    29 |    16 |     6 ||   103
       Distracted        |       |       |     1 |       |     3 |     9 |     6 |     6 |     2 ||    27
Armor: Robe              |    22 |    61 |    71 |   113 |       |   117 |       |       |       ||   384
       Acid dragon scale |       |       |       |    20 |   453 |   309 |   211 |   183 |    36 ||  1212
       Ice dragon scales |       |       |       |       |       |       |   158 |   163 |       ||   321
Dodge: Dodged            |    48 |    81 |   123 |   368 |   614 |   563 |   711 |   743 |    79 ||  3330
Block: Tower shield      |       |       |       |       |       |   911 |    85 |   137 |   281 ||  1414
       Reflection        |       |       |       |       |       |       |       |       |    22 ||    22
